 Dungeon Crawl Stone Soup version 0.19-a0-1908-g43c011f (webtiles) character file.

283934 Psiweapon the Fencer (level 19, -3/149 HPs)
             Began as a Vampire Gladiator on Oct 21, 2016.
             Was the Champion of Cheibriados.
             Shot with an arrow by a deep elf master archer (6 damage)
             ... on level 3 of the Elven Halls on Oct 22, 2016.
             The game lasted 05:28:55 (50850 turns).

Psiweapon the Fencer (Vampire Gladiator)           Turns: 50850, Time: 05:28:57

Health: -3/149     AC: 26    Str: 30    XL:     19   Next: 77%
Magic:  24/27      EV: 30    Int: 29    God:    Cheibriados [******]
Gold:   1484       SH:  0    Dex: 35    Spells: 7 memorised, 10 levels left

rFire  + . .     SeeInvis +     G - +9 great sword
rCold  + . .     Gourm    .     k - +6 chain mail of Feasting {rElec rPois Dex-4}
rNeg   + . .     Faith    .     (shield currently unavailable)
rPois  +         Spirit   .     c - +2 helmet
rElec  +         Reflect  .     D - +1 cloak of Starlight {rElec rC+ EV+4 Stlth--}
rCorr  .         Harm     .     n - +0 pair of gloves {Dex+3}
MR     +....                    J - +0 pair of boots
Stlth  ++........               w - macabre finger necklace {rN+}
                                e - +5 ring of evasion
                                r - ring of wizardry
                                F - ring "Gor Faunych" {+Blink +Fly rF+ Int+3}

@: about to teleport, regenerating quickly, very slow
A: fangs 3, see invisible, poison resistance, unbreathing
a: Bend Time, Temporal Distortion, Slouch, Step From Time, Renounce Religion,
Evoke Blink, Evoke Flight
}: 2/15 runes: decaying, gossamer


You were on level 3 of the Elven Halls.
You worshipped Cheibriados.
Cheibriados was exalted by your worship.
You were very full.

You visited 6 branches of the dungeon, and saw 34 of its levels.
You also visited: Ossuary and Ice Cave.

You collected 3692 gold pieces.
You spent 2208 gold pieces at shops.

Inventory:

Hand Weapons
 a - the +8 whip "Snakebite" {curare, rPois}
   (You found it on level 1 of the Lair of Beasts)

   It poisons the flesh of those it strikes.
   It protects you from poison.
 b - a +1 shortbow of velocity
 d - the +10 morningstar of Absolution {crush, *Noise rF++ Int+2}
   (You found it on level 9 of the Dungeon)

   It inflicts extra damage upon your enemies.
   It affects your intelligence (+2).
   It greatly protects you from fire.
   It may make noises in combat.
 u - a +0 long sword of holy wrath
 G - a +9 great sword (weapon)
 P - a +4 demon blade of flaming
 W - a +2 eveningstar of electrocution
 Z - a +2 vampiric long sword
Missiles
 Q - 3 silver javelins (quivered)
 S - 819 arrows
Armour
 c - a +2 helmet (worn)
 k - the +6 chain mail of Feasting (worn) {rElec rPois Dex-4}
   (You took it off an orc on level 1 of the Orcish Mines)

   It affects your dexterity (-4).
   It insulates you from electricity.
   It protects you from poison.
 n - a +0 pair of gloves of dexterity (worn)
 A - a +4 troll leather armour
 D - the +1 cloak of Starlight (worn) {rElec rC+ EV+4 Stlth--}
   (You found it in an ice cave)

   It affects your evasion (+4).
   It protects you from cold.
   It insulates you from electricity.
   It makes you much less stealthy.
 J - a +0 pair of boots (worn)
Rods
 R - a +0 rod of shadows (11/11)
   (You found it on level 8 of the Dungeon)
Jewellery
 e - a +5 ring of evasion (right hand)
 m - an uncursed ring of ice
 r - a ring of wizardry (left hand)
 w - the macabre finger necklace (around neck) {rN+}
   (You bought it in a shop on level 1 of the Orcish Mines)

   [amulet of nothing]

   It protects you from negative energy.
 x - a +2 ring of slaying
 y - an uncursed ring of positive energy
 F - the ring "Gor Faunych" (on amulet) {+Blink +Fly rF+ Int+3}
   (You bought it in a shop on level 1 of the Orcish Mines)

   [ring of intelligence]

   It affects your intelligence (+3).
   It protects you from fire.
   It lets you fly.
   It lets you blink.
 X - an uncursed ring of protection from fire
Wands
 i - a wand of iceblast (5/15)
 j - a wand of confusion (20/48)
 C - a wand of paralysis (7/24)
 O - a wand of heal wounds (2/9)
 T - a wand of digging (12/24)
 Y - a wand of enslavement (7/24)
Scrolls
 f - 2 scrolls of magic mapping
 o - 3 scrolls of fog
 p - 5 scrolls of identify
 q - 2 scrolls of recharging
 s - 18 scrolls of remove curse
 v - 4 scrolls of fear
 E - a scroll of enchant weapon
 I - 4 scrolls of teleportation
 N - 3 scrolls of blinking
 U - 3 scrolls of silence
Potions
 g - 5 potions of blood
 h - 5 potions of cancellation
 l - 3 potions of magic
 t - 4 potions of agility
 z - 6 potions of brilliance
 B - 3 potions of ambrosia
 K - a potion of resistance
 L - 8 potions of curing
 M - 9 potions of heal wounds
Miscellaneous
 H - a disc of storms


   Skills:
 + Level 13.1 Fighting
   Level 7.0(13.5) Short Blades
 + Level 16.3(16.7) Long Blades
 - Level 9.6 Maces & Flails
 - Level 4.2 Bows
   Level 1.7 Crossbows
 - Level 2.1 Throwing
 - Level 9.4 Armour
 - Level 10.9 Dodging
 - Level 13.2 Stealth
 - Level 5.9 Spellcasting
 - Level 5.7 Conjurations
 - Level 10.1 Hexes
 - Level 5.7 Charms
 - Level 6.8 Ice Magic
 - Level 10.7 Invocations
 - Level 8.5 Evocations


You had 10 spell levels left.
You knew the following spells:

 Your Spells              Type           Power        Failure   Level  Hunger
a - Ensorcelled Hibernat  Hex/Ice        ######       1%          2    None
b - Dazzling Spray        Conj/Hex       ######       1%          3    None
c - Repel Missiles        Chrm/Air       ####..       4%          2    None
d - Confuse               Hex            ######..     1%          3    None
e - Tukima's Dance        Hex            ######..     1%          3    None
f - Portal Projectile     Tloc           #.....       45%         3    None
g - Spectral Weapon       Hex/Chrm       ######..     1%          3    None


Dungeon Overview and Level Annotations

Branches:
Dungeon (15/15)            Temple (0/1) D:7            Lair (6/6) D:8
  Swamp (4/4) Lair:4       Spider (4/4) Lair:4        Slime (0/5) Lair:6
    Orc (2/2) D:10            Elf (3/3) Orc:2        Vaults (0/5) D:13
 Depths (0/5) D:15

Altars:
Ashenzari
Cheibriados
Hepliaklqana
Makhleb
Trog
Vehumet
Xom
Beogh
Jiyva

Shops:
D:8 :   D:10 %   D:11 [   Orc:1 =   Orc:2 [(**:   Elf:1 **   Elf:2 :

Annotations:
D:7 exclusion: upstairs
Swamp:1 1 runed door
Elf:3 21 runed doors


Innate Abilities, Weirdness & Mutations

Your natural rate of healing is unusually fast.
You have razor-sharp teeth.
You have supernaturally acute eyesight. (SInv)
You can survive without breathing.
Your system is resistant to poisons. (rPois)


Message History

The deep elf sorcerer convulses!
The deep elf annihilator convulses!
The deep elf high priest convulses!
The deep elf master archer convulses!
The deep elf demonologist gestures wildly while chanting.
The Ice Fiend gestures at you. The bolt of cold misses you.
The deep elf high priest utters a dark prayer and points at you.
Your life force is offered up.
* * * LOW HITPOINT WARNING * * *
The deep elf high priest is healed.
The deep elf sorcerer is healed.
The deep elf annihilator is healed.
The deep elf high priest is healed.
The deep elf annihilator is healed.
The deep elf demonologist is healed. x2
The deep elf blademaster is healed.
The deep elf master archer is healed.
The deep elf annihilator mumbles some strange words.
The deep elf annihilator blinks!
The deep elf annihilator gestures wildly while chanting.
The deep elf annihilator blinks!
The deep elf master archer wields a longbow.
The deep elf master archer shoots an arrow.
The arrow hits you.
You die...

.#*,,,,**,,,,,*#...........#*,,,,
.#*,,,,,*.e...*#...........#*,,,,
.#*,,,,,,.....##...........#*,,,,
'#*,,,,,,......###.......###,,,,,
.#***,,,,........##..(§.##,,,,,,,
.# **,,,..e...e.e###1###,,,,,,,,
.# ***,..........§.ee.,,,,,,,,,
)# **......ee...2.e§,,,,,,,,, .#
*.......@.......,,,,,,,,, .#
*...###.........,,,,,,*,, .#
*,,,*,##........,,,****,, .#
*,,,,,*###......,****,,,, .#
*,,,,,,,**##.e.#***,,,,,, .#
*,,,,,,,,*,*...#*,,,,,,,, .#
*,,,,,,,,,,*,..#,,,,,,,,, ##
*,,,,,,,,,,,,,..,,,,,,,,, .#
*,,,,,,,,,,,,,,,,,,,,,,,,


You could see a deep elf blademaster, an Ice Fiend, a deep elf master archer, a
deep elf annihilator, 2 deep elf sorcerers, 2 deep elf demonologists, 3 deep elf
high priests and a tormentor.

Vanquished Creatures
  the Lernaean hydra (Swamp:4)
  An Ice Fiend (IceCv)
  Frances (Swamp:2)
  Kirke (D:13)
  Agnes (D:14)
  3 thorn hunters
  A fire giant (D:15)
  The ghost of Anmu the Carver, an adept FoFi of Hepliaklqana (Swamp:4)
  A deep elf sorcerer (Elf:1)
  2 orc warlords
  7 ghost moths
  11 emperor scorpions
  Louise (Swamp:1)
  A spriggan defender (Elf:1)
  4 entropy weavers
  A deep elf high priest (Elf:3)
  Harold (D:11)
  Josephine (D:14)
  22 hydras
  7 centaur warriors
  3 ghost crabs
  Erica (D:11)
  3 alligators
  A queen ant (Spider:4)
  An ogre mage (D:13)
  25 dancing weapons
  2 orc high priests
  22 deep elf knights
  A hell knight (Elf:1)
  A spriggan druid (Swamp:4)
  8 swamp dragons
  An orange crystal statue (D:11)
  2 hill giants (D:11)
  4 orc knights
  4 shambling mangroves
  11 deep elf archers
  18 orb spiders
  43 wolf spiders
  15 ugly things
  68 deep elf magi
  5 cyclopes
  18 elephants (Lair:6)
  3 orc sorcerers
  3 manticores
  2 centaur zombies
  4 ice statues (IceCv)
  7 black mambas
  A torpor snail (Lair:3)
  Joseph (D:7)
  2 gargoyles
  20 spiny frogs
  A freezing wraith (D:15)
  6 komodo dragons
  A kobold demonologist (D:15)
  A rime drake (Lair:3)
  13 demonic crawlers
  4 anaconda simulacra (IceCv)
  8 ice devils (IceCv)
  An efreet (D:15)
  40 jumping spiders
  43 hornets
  6 trolls
  3 polar bears (Lair:6)
  22 bog bodies
  7 two-headed ogres
  21 blink frogs
  Grinder (D:3)
  3 tyrant leeches
  9 dream sheep
  24 slime creatures
  12 hippogriffs
  A raiju (shapeshifter) (D:15)
  3 air elementals (Elf:1)
  A centaur simulacrum (D:14)
  Sigmund (D:2)
  2 shadows
  23 spriggans
  3 wyverns
  A water elemental (Elf:2)
  2 dire elephant simulacra (IceCv)
  95 redbacks
  28 tarantellas
  A vampire (D:13)
  5 wraiths
  4 basilisks
  57 yaks
  3 hungry ghosts
  3 fire elementals (Elf:1)
  2 hogs (D:13)
  A steam dragon (D:9)
  17 vampire mosquitoes
  Grum (D:10)
  An iron troll simulacrum (IceCv)
  4 wargs
  5 insubstantial wisps
  16 soldier ants
  39 swamp worms
  3 hydra simulacra (IceCv)
  Duvessa (D:4)
  25 water moccasins
  5 porcupines
  14 swamp drakes
  4 black bears
  4 ice beasts
  7 sky beasts
  3 phantoms
  29 orc warriors
  An eye of draining (D:13)
  3 boggarts (Lair:6)
  13 ogres
  A hornet zombie (D:15)
  A necrophage (D:11)
  32 wolves
  31 centaurs
  18 crocodiles
  5 big kobolds
  28 bullfrogs
  4 earth elementals
  Dowan (D:4)
  9 scorpions
  11 killer bees
  16 wights
  6 howler monkeys
  2 electric eels
  3 crimson imps
  A bullfrog zombie (D:11)
  11 hounds
  4 jellies
  32 orc wizards
  A quasit (D:9)
  5 bullfrog skeletons
  21 orc priests
  5 centaur skeletons
  5 iguanas
  Jessica (D:2)
  A worker ant (shapeshifter) (Elf:2)
  29 worker ants
  4 hell rats (Lair:4)
  A big kobold zombie (Ossuary)
  2 hound zombies
  5 mummies
  2 howler monkey skeletons
  6 gnolls
  16 adders
  6 shadow imps
  An ooze (D:5)
  4 adder zombies
  2 adder skeletons
  15 worms
  10 dart slugs
  2 leopard geckos
  85 orcs
  5 giant cockroaches
  A gnoll zombie (Ossuary)
  4 goblins
  5 hobgoblins
  5 jackals
  29 kobolds
  4 quokkas
  2 ball pythons
  11 bats
  4 frilled lizards
  3 goblin zombies (Ossuary)
  2 hobgoblin zombies
  2 kobold zombies
  A leopard gecko skeleton (D:4)
  A leopard gecko zombie (D:5)
  A quokka skeleton (D:5)
  6 quokka zombies
  10 rats
  4 rat zombies (Ossuary)
  A butterfly (D:6)
1572 creatures vanquished.

Vanquished Creatures (collateral kills)
  An orb spider (Spider:4)
  A jumping spider (Spider:3)
  A redback (Spider:4)
  A tarantella (Spider:3)
4 creatures vanquished.

Vanquished Creatures (others)
  2 hydras
  A deep elf mage (Elf:1)
  A wizard (D:4)
  A moth of wrath (Spider:4)
  An air elemental (Elf:1)
  A water elemental (Elf:1)
  4 humans (D:13)
  An orc warrior (Orc:1)
  A bullfrog (D:13)
  A worker ant (Spider:4)
  An orc (Orc:1)
  33 fungi
  13 plants
  5 spectral weapons
66 creatures vanquished.

Grand Total: 1642 creatures vanquished

Notes
Turn   | Place    | Note
-------+----------+-------------------------------------------
     0 | D:1      | Psiweapon the Vampire Gladiator began the quest for the Orb.
     0 | D:1      | Reached XP level 1. HP: 16/16 MP: 1/1
    75 | D:2      | Found a radiant altar of Vehumet.
   390 | D:1      | Reached XP level 2. HP: 22/22 MP: 2/2
   485 | D:2      | Noticed Jessica
   498 | D:2      | Killed Jessica
   498 | D:2      | Reached XP level 3. HP: 11/27 MP: 3/3
   532 | D:2      | Reached skill level 4 in Long Blades
  1264 | D:1      | Noticed a bullfrog
  1268 | D:1      | Killed a bullfrog
  1268 | D:1      | Reached XP level 4. HP: 27/33 MP: 4/4
  1376 | D:2      | Noticed Sigmund
  1466 | D:3      | Reached XP level 5. HP: 26/38 MP: 5/5
  1651 | D:3      | Reached skill level 1 in Stealth
  1865 | D:3      | Noticed Grinder
  3160 | D:5      | Entered Level 5 of the Dungeon
  3195 | D:5      | Noticed a phantom
  3215 | D:5      | Reached skill level 1 in Armour
  3263 | D:5      | Killed a phantom
  3263 | D:5      | Reached skill level 5 in Long Blades
  3263 | D:5      | Reached skill level 5 in Dodging
  3263 | D:5      | Reached XP level 6. HP: 18/44 MP: 6/6
  3453 | D:4      | Found a bloodstained altar of Trog.
  3454 | D:4      | Noticed a wizard
  3460 | D:4      | Killed a wizard
  3483 | D:4      | Noticed Duvessa
  3484 | D:4      | Noticed Dowan
  3686 | D:6      | Found a shimmering altar of Xom.
  3808 | D:6      | Found a shattered altar of Ashenzari.
  4083 | D:6      | Reached XP level 7. HP: 51/51 MP: 7/7
  4286 | D:6      | Found a snail-covered altar of Cheibriados.
  4302 | D:6      | Became a worshipper of Cheibriados the Contemplative
  4851 | D:5      | Reached skill level 6 in Long Blades
  5400 | D:6      | Noticed a green ugly thing
  5466 | D:7      | Found a sand-covered staircase.
  5576 | Ossuary  | Entered an ossuary
  5751 | Ossuary  | Reached * piety under Cheibriados
  5930 | D:7      | Noticed Joseph
  5941 | D:7      | Killed Joseph
  5941 | D:7      | Reached skill level 7 in Long Blades
  5941 | D:7      | Reached skill level 1 in Invocations
  5941 | D:7      | Reached XP level 8. HP: 21/58 MP: 7/9
  6102 | D:7      | Noticed a hippogriff
  6111 | D:7      | Killed a hippogriff
  6111 | D:7      | Reached skill level 8 in Long Blades
  6157 | D:7      | Reached ** piety under Cheibriados
  6302 | D:8      | Reached XP level 9. HP: 34/65 MP: 10/10
  6596 | D:7      | Found a staircase to the Ecumenical Temple.
  6654 | D:8      | Reached skill level 5 in Stealth
  6668 | D:8      | Found a staircase to the Lair.
  6819 | D:8      | Reached skill level 9 in Long Blades
  7043 | D:6      | Reached *** piety under Cheibriados
  7219 | D:6      | Killed a green ugly thing
  7510 | D:4      | Reached skill level 5 in Fighting
  7527 | D:4      | Killed Duvessa
  7529 | D:4      | Killed Dowan
  8567 | D:3      | Killed Grinder
  8567 | D:3      | Reached XP level 10. HP: 74/74 MP: 11/13
  8690 | D:2      | Killed Sigmund
  9079 | D:8      | Found a burning altar of Makhleb.
  9156 | D:8      | Identified a +0 rod of shadows (11/11) (You found it on level 8 of the Dungeon)
  9287 | D:8      | Reached **** piety under Cheibriados
  9300 | Lair:1   | Entered Level 1 of the Lair of Beasts
  9337 | Lair:1   | Noticed a spiny frog
  9347 | Lair:1   | Killed a spiny frog
  9347 | Lair:1   | Reached skill level 10 in Long Blades
  9460 | Lair:1   | Noticed a black mamba
  9469 | Lair:1   | Killed a black mamba
  9613 | D:9      | Got a brightly glowing morningstar
  9617 | D:9      | Identified the +10 morningstar of Absolution {crush, *Noise rF++ Int+2} (You found it on level 9 of the Dungeon)
  9725 | D:8      | Found Keproaty's Book Boutique.
 10025 | D:9      | Got a bloodstained bardiche
 10026 | D:9      | Identified the +8 bardiche "Dragonbane" {freeze, +Rage Str-2 Int+2 Dex+2} (You found it on level 9 of the Dungeon)
 10042 | D:9      | Found a hazy altar of Hepliaklqana.
 10082 | D:9      | Reached skill level 5 in Invocations
 10118 | D:9      | Reached ***** piety under Cheibriados
 10440 | D:9      | Reached skill level 11 in Long Blades
 10581 | D:10     | Entered Level 10 of the Dungeon
 10692 | D:10     | Reached XP level 11. HP: 80/80 MP: 15/15
 10824 | D:10     | Found a bloodstained altar of Trog.
 10888 | D:10     | Found Comaril's Food Boutique.
 10982 | D:10     | Found a staircase to the Orcish Mines.
 11059 | D:10     | Noticed Grum
 11077 | D:10     | Killed Grum
 11172 | D:10     | Learned a level 2 spell: Ensorcelled Hibernation
 11328 | D:10     | Reached skill level 1 in Hexes
 11364 | D:10     | Identified 2 scrolls of acquirement
 11483 | D:10     | Got a shimmering chain mail
 11494 | D:10     | Identified the +0 chain mail of Negation {rF+ rC+} (You acquired it on level 10 of the Dungeon)
 11744 | D:11     | Noticed a centaur warrior
 11753 | D:11     | Killed a centaur warrior
 11753 | D:11     | Reached skill level 5 in Hexes
 11767 | D:11     | Noticed an orange crystal statue
 12139 | Lair:1   | Learned a level 3 spell: Dazzling Spray
 12253 | Lair:1   | Reached skill level 10 in Stealth
 12328 | Lair:1   | Reached ****** piety under Cheibriados
 12604 | Lair:1   | Found a burning altar of Makhleb.
 13207 | Lair:2   | Reached XP level 12. HP: 87/87 MP: 16/16
 13243 | Lair:2   | Reached skill level 1 in Short Blades
 13551 | Lair:2   | Reached skill level 10 in Hexes
 13729 | Lair:2   | Got a dazzling hand axe
 13752 | Lair:2   | Identified the cursed +1 hand axe of Plog {flame, Str+2} (You found it on level 2 of the Lair of Beasts)
 14451 | Lair:3   | Reached skill level 5 in Short Blades
 15112 | Lair:4   | Found a staircase to the Swamp.
 15613 | Lair:4   | Reached skill level 1 in Maces & Flails
 15630 | Lair:4   | Found a hole to the Spider Nest.
 15639 | Lair:4   | Reached skill level 1 in Conjurations
 16267 | Lair:4   | Got a brightly glowing copper ring
 16269 | Lair:4   | Identified the ring "Mukuitogh" {+Blink AC+4} (You found it on level 4 of the Lair of Beasts)
 16474 | D:9      | Reached skill level 1 in Evocations
 16694 | D:11     | Noticed Harold
 16705 | D:11     | Reached XP level 13. HP: 94/94 MP: 17/19
 16720 | D:11     | Killed Harold
 16901 | D:11     | Noticed Erica
 16909 | D:11     | Killed Erica
 17608 | D:11     | Learned a level 2 spell: Repel Missiles
 17618 | D:11     | Found Hugimesch's Antique Armour Shop.
 19266 | Lair:6   | Entered Level 6 of the Lair of Beasts
 19531 | Lair:6   | Reached skill level 1 in Crossbows
 19546 | Lair:6   | Reached skill level 5 in Evocations
 20054 | Lair:6   | Reached XP level 14. HP: 48/106 MP: 2/20
 20058 | Lair:6   | Reached skill level 12 in Long Blades
 20236 | Lair:6   | Found a viscous altar of Jiyva.
 20236 | Lair:6   | Found a staircase to the Slime Pits.
 21188 | D:11     | Reached skill level 1 in Ice Magic
 21770 | D:13     | Found a gate to the Vaults.
 22196 | D:13     | Noticed Kirke
 22212 | D:13     | Killed Kirke
 22287 | D:13     | Found a shimmering altar of Xom.
 22294 | D:13     | Found a roughly hewn altar of Beogh.
 22422 | D:13     | Reached skill level 5 in Ice Magic
 23258 | Lair:1   | Learned a level 6 spell: Bolt of Cold
 24007 | Orc:1    | Entered Level 1 of the Orcish Mines
 24029 | Orc:2    | Entered Level 2 of the Orcish Mines
 24218 | Orc:1    | Found Aphik's Jewellery Emporium.
 24320 | Orc:1    | Reached skill level 5 in Conjurations
 24321 | Orc:1    | Reached XP level 15. HP: 88/113 MP: 8/21
 24324 | Orc:1    | Noticed an orc warlord
 24342 | Orc:1    | Killed an orc warlord
 24955 | Orc:2    | Reached skill level 1 in Spellcasting
 25066 | Orc:2    | HP: 3/113 [orc knight/glaive (35)]
 25429 | Orc:1    | Bought the macabre finger necklace {rN+} for 280 gold pieces
 25431 | Orc:1    | Bought a +2 ring of slaying for 315 gold pieces
 25431 | Orc:1    | Bought the ring "Gor Faunych" {+Blink +Fly rF+ Int+3} for 582 gold pieces
 25741 | Orc:1    | Got a shimmering chain mail
 25754 | Orc:1    | Identified the +6 chain mail of Feasting {rElec rPois Dex-4} (You took it off an orc on level 1 of the Orcish Mines)
 25928 | Lair:1   | Learned a level 3 spell: Confuse
 25934 | Lair:1   | Learned a level 5 spell: Metabolic Englaciation
 26154 | Orc:2    | Found Pupaeteu's General Store.
 26176 | Orc:2    | Bought a potion of curing for 45 gold pieces
 26176 | Orc:2    | Bought 2 scrolls of identify for 60 gold pieces
 26176 | Orc:2    | Bought a potion of beneficial mutation for 525 gold pieces
 26176 | Orc:2    | Gained mutation: Your system is resistant to poisons. (rPois) [potion of beneficial mutation]
 26216 | Orc:2    | Noticed an orc warlord
 26243 | Orc:2    | Killed an orc warlord
 26252 | Orc:2    | Reached skill level 13 in Long Blades
 26376 | Orc:2    | Found a roughly hewn altar of Beogh.
 26468 | Orc:2    | Found Piutehob's General Store.
 26476 | Orc:2    | Bought a scroll of identify for 22 gold pieces
 26476 | Orc:2    | Bought a scroll of enchant weapon for 82 gold pieces
 26480 | Orc:2    | Found a staircase to the Elven Halls.
 26494 | Orc:2    | Found Moim's Book Shoppe.
 26513 | Orc:2    | Found Muil's Antique Weapon Shoppe.
 26535 | Orc:2    | Found Cimas's Antique Armour Shoppe.
 26586 | Orc:2    | Reached skill level 1 in Bows
 27178 | D:14     | Noticed Agnes
 27187 | D:14     | Killed Agnes
 27187 | D:14     | Reached skill level 5 in Armour
 27330 | D:14     | Got an ichor-stained robe
 27332 | D:14     | Identified the +2 robe of Discretion {-Tele rPois Stlth+} (You found it on level 14 of the Dungeon)
 27535 | D:15     | Entered Level 15 of the Dungeon
 27661 | D:15     | Found a staircase to the Depths.
 27661 | D:15     | Noticed a fire giant
 28018 | D:15     | Killed a fire giant
 28721 | D:14     | Noticed Josephine
 28733 | D:14     | Killed Josephine
 29795 | D:15     | Reached skill level 14 in Long Blades
 30414 | Swamp:1  | Entered Level 1 of the Swamp
 30640 | Swamp:1  | Noticed a thorn hunter
 30972 | Swamp:1  | Killed a thorn hunter
 31148 | Swamp:1  | Reached XP level 16. HP: 104/120 MP: 22/22
 31417 | Swamp:1  | Noticed Louise
 31439 | Swamp:1  | Killed Louise
 31560 | Swamp:1  | Found a runed door.
 31560 | Swamp:1  | Noticed a tentacled monstrosity
 32459 | Swamp:2  | Noticed a thorn hunter
 32476 | Swamp:2  | Killed a thorn hunter
 33267 | Swamp:2  | Noticed Frances
 34649 | Spider:1 | Entered Level 1 of the Spider Nest
 35588 | Spider:2 | Reached skill level 5 in Maces & Flails
 36824 | Spider:2 | Reached skill level 10 in Dodging
 38780 | Lair:4   | Reached XP level 17. HP: 49/126 MP: 23/23
 39034 | Swamp:2  | Killed Frances
 40286 | Swamp:3  | Upgraded the game from 0.19-a0-1905-ge8b2aad to 0.19-a0-1908-g43c011f
 40311 | Swamp:4  | Entered Level 4 of the Swamp
 40320 | Swamp:4  | Noticed Anmu's ghost (adept FoFi)
 40335 | Swamp:4  | Killed Anmu's ghost
 40493 | Swamp:4  | Found a frozen archway.
 40524 | IceCv    | Entered an ice cave
 40708 | IceCv    | Noticed an Ice Fiend
 40722 | IceCv    | Killed an Ice Fiend
 42068 | Spider:3 | Reached skill level 10 in Invocations
 43994 | Spider:3 | Learned a level 3 spell: Portal Projectile
 44166 | Spider:3 | Reached XP level 18. HP: 132/133 MP: 26/26
 44176 | Spider:4 | Entered Level 4 of the Spider Nest
 44652 | Spider:4 | Reached skill level 10 in Fighting
 45719 | Spider:4 | Identified Sif Muna's Almanac of Captivating Cold
 45936 | Spider:4 | Got a gossamer rune of Zot
 45964 | Spider:4 | Learned a level 3 spell: Spectral Weapon
 46457 | Swamp:4  | Reached skill level 1 in Charms
 46701 | Swamp:4  | Noticed the 27-headed Lernaean hydra
 46709 | Swamp:4  | Killed the 24-headed Lernaean hydra
 46709 | Swamp:4  | Reached skill level 5 in Spellcasting
 46721 | Swamp:4  | Got a decaying rune of Zot
 47217 | Elf:1    | Entered Level 1 of the Elven Halls
 47239 | Elf:1    | Reached skill level 5 in Charms
 47626 | Elf:1    | Found Badaniam's General Store.
 47626 | Elf:1    | Found Rytun's General Store.
 47657 | Elf:1    | Bought a scroll of recharging for 161 gold pieces
 47664 | Elf:1    | Bought a scroll of teleportation for 39 gold pieces
 47664 | Elf:1    | Bought a scroll of blinking for 97 gold pieces
 47739 | Elf:1    | Reached XP level 19. HP: 116/144 MP: 21/27
 47872 | Elf:1    | Reached skill level 15 in Long Blades
 48748 | Elf:2    | Found Waza's Book Shop.
 48792 | Elf:2    | Found a runed gate.
 48793 | Elf:2    | Found a runed gate.
 49042 | Elf:2    | Found a runed gate.
 49335 | Elf:2    | Reached skill level 16 in Long Blades
 49952 | Lair:1   | Learned a level 3 spell: Tukima's Dance
 50201 | Elf:3    | Entered Level 3 of the Elven Halls
 50210 | Elf:3    | Found a huge runed gate.
 50210 | Elf:3    | Found a huge runed gate.
 50210 | Elf:3    | Found a huge runed gate.
 50210 | Elf:3    | Found a huge runed gate.
 50210 | Elf:3    | Found a huge runed gate.
 50211 | Elf:3    | Found a huge runed gate.
 50211 | Elf:3    | Found a huge runed gate.
 50316 | Elf:3    | Found a huge runed gate.
 50317 | Elf:3    | Found a huge runed gate.
 50318 | Elf:3    | Found a huge runed gate.
 50347 | Elf:3    | Found a huge runed gate.
 50347 | Elf:3    | Found a huge runed gate.
 50360 | Elf:3    | Found a huge runed gate.
 50360 | Elf:3    | Found a huge runed gate.
 50360 | Elf:3    | Found a huge runed gate.
 50360 | Elf:3    | Found a huge runed gate.
 50361 | Elf:3    | Found a huge runed gate.
 50362 | Elf:3    | Found a huge runed gate.
 50362 | Elf:3    | Found a huge runed gate.
 50377 | Elf:3    | Found a huge runed gate.
 50377 | Elf:3    | Found a huge runed gate.
 50850 | Elf:3    | HP: 3/149 [deep elf high priest/a malign offering (12)]
 50850 | Elf:3    | Shot with an arrow by a deep elf master archer

Vault maps used:
D:1:      matt_arrival_grand_opening, kennysheep_decorative_pillar
D:2:      old_standard_altar, first_bread, kennysheep_small_spiral,
          grunt_ministairs_4, uniq_sigmund, uniq_jessica
D:3:      hangedman_feature_mirror, uniq_grinder
D:4:      grunt_ministairs_13, trog_wizard, uniq_duvessa
D:5:      kennysheep_slugbush, patterned_corridor
D:6:      xom_butterflies, slow_altar_2, nicolae_ashenzari_panopticon
D:7:      nicolae_ossuary_entry_giza, grunt_ogre_cave, uniq_joseph
D:8:      lightli_temple_of_fire, due_lair_maze_entry_diamond, serial_shops,
          nicolae_shop_trees, lightli_orcish_oven
D:9:      kennysheep_little_box, hangedman_misty_isle
D:10:     orc_0_dummy, basic_altar, serial_shops, nicolae_shop_trees, uniq_grum
D:11:     serial_shops, nicolae_shop_overgrown_old_shop, minivault_16,
          uniq_erica, uniq_harold
D:13:     david_vaults_2, basic_altar, uniq_kirke
D:14:     grunt_decor_arrowhead, uniq_agnes, uniq_josephine
D:15:     grunt_enter_depths_giant_problem, minmay_misc_feat_tower
Lair:1:   minmay_guarded_unrand_snakebite, basic_altar, grunt_megastairs_1
Lair:2:   minmay_holes, serial_bayou_shore_b, serial_bayou_shore_b
Lair:3:   grunt_forest_large_clearings, infiniplex_staircase_pool_2
Lair:4:   minmay_swamp_entry_worms, spider_nest_entry_webs, fungi_pond_lemuel,
          worms_lemuel
Lair:5:   serial_bayou_pond_a, eino_small_chamber_without_monster,
          lemuel_fruit_tree, serial_bayou_shore_b
Lair:6:   minmay_lair_end_enchanted_forest, dpeg_slime_entry_enclosed_altar
Swamp:1:  cheibrodos_swamp_sealed, evilmike_swamp_ruin_house_5, swamp_pool4,
          hangedman_swamp_lotus, uniq_louise
Swamp:2:  hangedman_swamp_ruin_wall, swamp_pool3, infiniplex_staircase_pool,
          uniq_frances
Swamp:3:  serial_swamp_ruin, evilmike_swamp_ruin_house_3,
          evilmike_swamp_ruin_rubble_2
Swamp:4:  grunt_swamp_rune_castle, portal_ice_cave_entry_pillars_1
Spider:1: spider_trap
Spider:2: spiders_nest_hornet_nest
Spider:3: spiders_nest_scorpion_pit, spider_trap
Spider:4: grunt_spider_rune_circles, zaba_anthell
Orc:1:    serial_shops, shop, elf_legates
Orc:2:    grunt_orc_cross, serial_shops, shop
Elf:1:    minmay_elf_arrival_summoners, minivault_28, sword_in_stone,
          minmay_shoptagon
Elf:2:    serial_shops, nicolae_shop_trees
Elf:3:    minmay_elf_hall_hex, door_vault
Ossuary:  ossuary_minmay_chase
IceCv:    ice_cave_tombish

Skill      XL: |  1  2  3  4  5  6  7  8  9 10 11 12 13 14 15 16 17 18 19 |
---------------+----------------------------------------------------------+-----
Dodging        | 4 5 6 7 8 9 10 | 10.9
Long Blades    | 4 5 7 8 9 11 12 14 16 | 16.3
Fighting       | 2 3 4 5 6 8 9 11 13 | 13.1
Stealth        | 2 3 4 6 7 12 13 | 13.2
Armour         | 1 2 3 4 6 9 |  9.4
Invocations    | 1 2 4 5 8 10 | 10.7
Throwing       | 2 |  2.1
Hexes          | 9 10 | 10.1
Short Blades   | 6 7 |  7.0
Maces & Flails | 2 3 6 7 9 |  9.6
Conjurations   | 2 5 |  5.7
Evocations     | 1 5 8 |  8.5
Crossbows      | 1 |  1.7
Ice Magic      | 6 |  6.8
Spellcasting   | 2 5 |  5.9
Bows           | 3 4 |  4.2
Charms         | 5 |  5.7

Action                   |  1- 3 |  4- 6 |  7- 9 | 10-12 | 13-15 | 16-18 | 19-21 || total
-------------------------+-------+-------+-------+-------+-------+-------+-------++-------
Melee: Long sword        |    53 |   210 |   302 |   517 |   160 |    64 |    45 ||  1351
       Bite              |     6 |    35 |    53 |   145 |   246 |   414 |    83 ||   982
       Dagger            |       |       |     5 |       |       |       |       ||     5
       Short sword       |       |       |       |    25 |     8 |       |       ||    33
       Whip              |       |       |       |    31 |    52 |   724 |       ||   807
       Great sword       |       |       |       |       |   703 |   536 |   266 ||  1505
       Scimitar          |       |       |       |       |    55 |       |       ||    55
       Demon blade       |       |       |       |       |       |   122 |       ||   122
       Morningstar       |       |       |       |       |       |    16 |    13 ||    29
 Fire: Blowgun           |       |       |       |     3 |       |       |       ||     3
       Longbow           |       |       |       |     3 |       |       |       ||     3
       Hand crossbow     |       |       |       |     1 |       |       |       ||     1
       Arbalest          |       |       |       |       |    68 |       |       ||    68
       Shortbow          |       |       |       |       |   421 |   352 |    28 ||   801
Throw: Throwing net      |     2 |       |     2 |     3 |     3 |     6 |       ||    16
 Cast: Dazzling Spray    |       |       |       |     1 |    16 |    32 |    20 ||    69
       Repel Missiles    |       |       |       |       |     9 |     1 |     3 ||    13
       Confuse           |       |       |       |       |    19 |    19 |     6 ||    44
       Metabolic Englaci |       |       |       |       |     1 |     2 |       ||     3
       Ensorcelled Hiber |       |       |       |       |       |     1 |       ||     1
       Spectral Weapon   |       |       |       |       |       |     5 |    10 ||    15
       Tukima's Dance    |       |       |       |       |       |       |     1 ||     1
Invok: Slouch            |       |       |       |     6 |    20 |    24 |     6 ||    56
       Bend Time         |       |       |       |       |     3 |     6 |       ||     9
 Abil: End Transformatio |       |     2 |     1 |       |       |       |       ||     3
       Bat Form          |       |     2 |     1 |       |       |       |       ||     3
       Evoke Blink       |       |       |       |     1 |     5 |    28 |     1 ||    35
       Evoke Flight      |       |       |       |       |     1 |     5 |       ||     6
Evoke: Wand              |       |       |     3 |     2 |    26 |    46 |     8 ||    85
       Rod               |       |       |       |     1 |     1 |     7 |       ||     9
       Disc of storms    |       |       |       |       |     5 |    12 |     1 ||    18
  Use: Potion            |       |    14 |    12 |    14 |     8 |    18 |     3 ||    69
       Scroll            |       |       |    16 |    21 |    26 |    20 |     3 ||    86
 Stab: Sleeping          |       |    15 |    15 |    27 |    14 |    11 |     2 ||    84
       Held in net/web   |       |       |     3 |     3 |       |     2 |       ||     8
       Distracted        |       |       |     1 |     3 |     9 |    14 |     1 ||    28
       Confused          |       |       |       |       |     9 |     2 |     3 ||    14
       Invisible         |       |       |       |       |     2 |     7 |     1 ||    10
       Paralysed         |       |       |       |       |       |     6 |       ||     6
  Eat: Corpse            |     1 |       |     4 |    12 |    55 |    25 |    17 ||   114
Armor: Leather armour    |    14 |    35 |    55 |    31 |       |       |       ||   135
       Troll leather arm |       |       |       |    78 |   212 |   117 |       ||   407
       Chain mail        |       |       |       |       |   130 |   499 |   100 ||   729
       Skin              |       |       |       |       |       |     1 |       ||     1
Dodge: Dodged            |    48 |   162 |   229 |   495 |  1335 |  2156 |   380 ||  4805
       Deflected         |       |       |       |       |    24 |     1 |    17 ||    42
Block: Other             |     4 |    13 |    15 |    11 |    15 |       |       ||    58
       Reflection        |       |       |     1 |       |     3 |       |       ||     4
       Rpst.: Long sword |    17 |    48 |    78 |   141 |    47 |    11 |    16 ||   358
       Great sword       |       |       |       |       |   204 |   112 |    59 ||   375
       Scimitar          |       |       |       |       |     9 |       |       ||     9
       Demon blade       |       |       |       |       |       |    27 |       ||    27
